Construct Section Command Post
Selects Australian Defense Battlegroup
Selects Australian Light Infantry Section
Australian Light Infantry Section
Australian Light Infantry Section
Australian Light Infantry Section
Construct Field Infirmary
Selects 2-pounder Anti-tank Gun Team
2-pounder Anti-tank Gun Team
Construct Platoon Command Post
6-pounder Anti-tank Gun Team
Construct Company Command Post
Selects Vehicle Over Repair
Selects CMP 15cwt Supply Run
Selects Artillery Trip Wire Flares
Unlock Towed 17-pounder Anti-tank Guns
17-pounder Anti-tank Gun Team
Selects Archer Tank Destroyer